 Seeded DCSS version 0.28-a0-1087-gf3fc490d9d (webtiles) character file.

Game seed: 16008875487339432128 (custom seed)

4088 croobank the Covert (level 10, -2/57 HPs)
             Began as an Octopode Conjurer on Dec 11, 2021.
             Slain by a hornet (5 damage)
             ... while paralysed by a hornet
             ... on level 9 of the Dungeon.
             The game lasted 01:05:20 (10711 turns).

croobank the Covert (Octopode Conjurer)            Turns: 10711, Time: 01:05:21

Health: -2/57      AC:  1    Str: 10 (11) XL:     10   Next: 26%
Magic:  9/15       EV:  2    Int: 24      God:
Gold:   578        SH:  0    Dex: 17      Spells: 1/16 levels left

rFire   . . .      SeeInvis +   G - +5 spear "Siroguso" {protect, Fragile Fly Dex+7 Stlth+}
rCold   . . .      Faith    .   (no shield)
rNeg    . . .      Spirit   .   (helmet restricted)
rPois   .          Reflect  .   m - necklace of Bloodlust {*Rage Will++ Int-3 Slay+6}
rElec   .          Harm     .   a - ring of see invisible
rCorr   .          Rampage  .   e - +6 ring of intelligence
Will    ++...      Rage     50% (no ring)
Stlth   +++++++...              (no ring)
HPRegen 0.19/turn               (no ring)
MPRegen 0.14/turn               (no ring)
                                (no ring)
                                (no ring)

@: paralysed, on berserk cooldown, flying, slowed
A: almost no armour, amphibious, 8 rings, camouflage 1, gelatinous body 1,
(nimble swimmer 1), tentacles, tentacle spike 1, deterioration 1
a: no special abilities


You were on level 9 of the Dungeon.
You visited 1 branch of the dungeon, and saw 9 of its levels.
You also visited: Ossuary.

You collected 578 gold pieces.

Inventory:

Hand Weapons
 j - a +0 vorpal flail
 k - a +0 trident
 x - a +0 vorpal hunting sling
 A - a +0 antimagic whip
 F - a +0 dire flail
 G - the +5 spear "Siroguso" (weapon) {protect, Fragile Fly Dex+7 Stlth+}
   (You found it on level 6 of the Dungeon)

   It grants its wielder temporary protection when it strikes (+7 to AC).
   Dex:       It affects your dexterity (+7).
   Fly:       It grants you flight.
   Fragile:   It will be destroyed if unequipped.
   Stlth:     It makes you more stealthy.
 H - a +5 scimitar
 I - a +0 battleaxe
 J - a +4 falchion
 L - a +0 halberd
 O - a +4 scimitar of holy wrath
Missiles
 b - 71 arrows
 g - 247 stones
 h - 40 sling bullets
 n - 4 throwing nets
 N - 18 poisoned darts
Magical Staves
 c - a staff of conjuration
Jewellery
 a - a ring of see invisible (left tentacle)
 e - a +6 ring of intelligence (right tentacle)
 f - an amulet of reflection
 i - a ring of poison resistance
 m - the necklace of Bloodlust (around mantle) {*Rage Will++ Int-3 Slay+6}
   (You found it on level 7 of the Dungeon)

   [amulet of nothing]

   It extends the wearer's berserk rage when killing foes.
   Int:       It affects your intelligence (-3).
   Slay:      It affects your accuracy & damage with ranged weapons and melee
   (+6).
   *Rage:     It berserks you when you make melee attacks (+50% chance).
   Will:      It greatly increases your willpower.
 M - a +6 ring of dexterity
Wands
 y - a wand of flame (8)
Scrolls
 d - 8 scrolls of identify {identify, unknown}
 o - 3 scrolls of enchant weapon {enchant weapon, unknown}
 q - 2 scrolls of amnesia {amnesia, unknown}
 r - a scroll of summoning {summoning, unknown}
 u - 3 scrolls of vulnerability {vulnerability, unknown}
 w - 3 scrolls of fear {fear, unknown}
 z - 2 scrolls of teleportation {teleport, unknown}
 D - a scroll of magic mapping {magic mapping, unknown}
 K - a scroll of blinking
Potions
 l - a potion of curing {curing, unknown}
 p - a potion of invisibility {invisibility, unknown}
 s - a potion of might {might, unknown}
 t - 3 potions of flight {flight, unknown}
 v - 3 potions of attraction {attraction, unknown}
 B - a potion of cancellation {cancellation, unknown}
 C - a potion of haste {haste, unknown}
 E - a potion of degeneration {degeneration, unknown}


   Skills:
 - Level 0.5 Fighting
 + Level 8.3(9.6) Polearms
 - Level 7.2(9.0) Staves
 - Level 2.2 Dodging
 - Level 10.4 Stealth
 - Level 0.7 Shields
 - Level 3.8 Spellcasting
 - Level 5.8 Conjurations
 - Level 1.6 Hexes


You had one spell level left.
You knew the following spells:

 Your Spells              Type           Power      Damage    Failure   Level
a - Magic Dart            Conj           100%       1d8       1%          1
b - Searing Ray           Conj           64%        2d6       1%          2
c - Dazzling Flash        Conj/Hex       44%        N/A       6%          3
d - Fulminant Prism       Conj/Hex       11%        3d9       22%         4
e - Ensorcelled Hibernat  Hex/Ice        16%        N/A       11%         2
f - Confusing Touch       Hex            12%        N/A       16%         3

Your spell library contained the following spells:

 Spells                   Type           Power      Damage    Failure   Level
 Sandblast                Erth           8%         2d5       10%         1
 Stone Arrow              Conj/Erth      36%        3d9       9%          3
 Passwall                 Tmut/Erth      3%         N/A       16%         2
 Iskenderun's Mystic Bla  Conj/Tloc      18%        2d6       30%         4
 Freezing Cloud           Conj/Ice/Air   6%         6-21      77%         5
 Summon Mana Viper        Hex/Summ       8%         N/A       89%         5
 Simulacrum               Ice/Necr       2%         N/A       100%        6
 Polar Vortex             Ice            2%         N/A       100%        9


Dungeon Overview and Level Annotations

Branches:
Dungeon (9/15)             Temple (0/1) D:7         Ossuary (visited)
   Lair: D:8-11         Orc: D:9-12

Altars:
Wu Jian
The Shining One


Innate Abilities, Weirdness & Mutations

You cannot wear most types of armour.
You are amphibious.
You can wear up to eight rings at the same time.
Your skin changes colour to match your surroundings (Stealth+).
Your rubbery body absorbs attacks. (AC +1, EV +1)
((You are camouflaged near water. (Stealth+)))
You have tentacles for arms and can constrict up to eight enemies at once.
One of your tentacles bears a spike.
Your body sometimes deteriorates upon taking damage.


Message History

The orc warrior hits you but does no damage.
You barely miss the kobold. Your grab misses the kobold.
Your tentacle spike misses the kobold.
You puncture the kobold!
You kill the kobold!
The centaur wields a +0 shortbow.
The centaur shoots an arrow.
The arrow hits you.
A kobold and a kobold brigand come into view.
The kobold brigand is wielding a +0 whip and quivering poisoned darts.
The kobold shouts!
The bullfrog hits you.
The orc warrior hits you with a +0 mace.
The centaur unwields a +0 shortbow.
The centaur barely misses you.
The centaur kicks you but does no damage.
Items here: ( )))) [ ††.
You puncture the centaur!
The centaur is heavily wounded.
The bullfrog hits you but does no damage.
The orc warrior hits you but does no damage.
The centaur wields a +0 shortbow.
The centaur shoots an arrow.
The arrow barely misses you.
Things that are here:
a +0 dagger; a kobold corpse You feel a strong urge to attack something.
You feel your anger nearly subside.
You are no longer berserk.
You are exhausted.
You feel yourself slow down. The bullfrog closely misses you.
The bullfrog barely misses you.
There is a stone staircase leading up here.
The bullfrog hits you. The hornet stings you.
* * * LOW HITPOINT WARNING * * *
You suddenly lose the ability to move!
The bullfrog hits you!
* * * LOW HITPOINT WARNING * * *
The centaur unwields a +0 shortbow.
The centaur hits you.
* * * LOW HITPOINT WARNING * * *
Your body deteriorates!
You feel weakened.
The centaur kicks you but does no damage.
The hornet stings you.
You die...

....# #...#
#...# #........
#...# #........
#...# #.....K..
#...# #....)K..
#...# #.....)..
#@c.# #...).)..
#yF.# #...)....
#o..###)..#
#.....))..#
#.........#
.............#
..###..#####..#
#..# ..# #..#
..#


You could see a hornet, an orc warrior, a bullfrog and a centaur.

Vanquished Creatures
  The ghost of YayAnonymity the Spear-Bearer, a novice MfGl (D:5)
  Maggie (D:8)
  The ghost of croobank the Conjurer, an amateur OpCj (D:4)
  A wyvern (D:8)
  Eustachio (D:5)
  A yak (D:5)
  Edmund (D:4)
  3 water moccasins
  A black bear (D:7)
  An orc warrior (D:9)
  The ghost of fragbeetle the Ruffian, an amateur DrTm (D:3)
  2 phantoms
  An elf zombie (Ossuary)
  Blork the orc (D:5)
  A gnoll sergeant (D:7)
  A bullfrog (D:7)
  A wyvern zombie (D:7)
  2 scorpions (D:5)
  A water moccasin skeleton (D:5)
  4 wights (D:6)
  7 howler monkeys
  A bullfrog zombie (D:5)
  3 quasits (D:3)
  4 centaur skeletons
  A gnoll shaman (D:7)
  3 orc priests (D:9)
  Jessica (D:3)
  A bullfrog skeleton (D:5)
  9 orc wizards
  2 iguanas
  A hound zombie (D:5)
  A hound skeleton (D:5)
  2 mummies (Ossuary)
  A howler monkey zombie (D:5)
  8 gnolls (D:7)
  8 adders
  An adder skeleton (D:5)
  2 worms (D:3)
  4 dart slugs
  22 orcs
  3 endoplasms
  A giant cockroach (D:4)
  3 gnoll zombies (Ossuary)
  5 goblins
  8 hobgoblins
  4 jackals (D:2)
  3 quokkas
  8 ball pythons
  6 bats
  4 frilled lizards
  5 goblin zombies (Ossuary)
  13 kobolds
  5 orc zombies (Ossuary)
  8 rats
185 creatures vanquished.

Vanquished Creatures (others)
  5 fulminant prisms
  2 withered plants (D:5)
7 creatures vanquished.

Grand Total: 192 creatures vanquished

Notes
Turn   | Place    | Note
-------+----------+-------------------------------------------
     0 | D:1      | croobank the Octopode Conjurer began the quest for the Orb.
     0 | D:1      | Reached XP level 1. HP: 11/11 MP: 3/3
   365 | D:1      | Reached XP level 2. HP: 7/17 MP: 3/5
   642 | D:1      | Noticed a shining eye
   644 | D:1      | Found a faded altar of an unknown god.
   646 | D:1      | Noticed a golden eye
   646 | D:1      | Noticed an eye of devastation
   646 | D:1      | Noticed an eye of devastation
   904 | D:1      | Reached skill level 3 in Stealth
  1166 | D:2      | Reached XP level 3. HP: 9/21 MP: 1/6
  1568 | D:2      | Learned a level 2 spell: Searing Ray
  1572 | D:2      | Learned a level 3 spell: Dazzling Flash
  2030 | D:2      | Reached skill level 5 in Conjurations
  2030 | D:2      | Reached XP level 4. HP: 27/27 MP: 2/7
  3043 | D:3      | Noticed fragbeetle's ghost (amateur DrTm)
  3055 | D:3      | Found a transporter.
  3074 | D:3      | Found a transporter.
  3200 | D:3      | Noticed Jessica
  3207 | D:3      | Killed Jessica
  3208 | D:3      | Reached XP level 5. HP: 30/31 MP: 6/9
  3484 | D:3      | Found an ornate altar of the Wu Jian Council.
  3800 | D:4      | Found a sand-covered staircase.
  3810 | Ossuary  | Entered an ossuary
  3943 | Ossuary  | Reached skill level 4 in Stealth
  4105 | Ossuary  | Reached skill level 1 in Staves
  4105 | Ossuary  | Reached XP level 6. HP: 37/37 MP: 6/10
  4410 | D:4      | Gained mutation: Your body sometimes deteriorates upon
                  | taking damage. [potion of mutation]
  4410 | D:4      | Gained mutation: One of your tentacles bears a spike.
                  | [potion of mutation]
  4425 | D:4      | Noticed Edmund
  4432 | D:4      | Learned a level 4 spell: Fulminant Prism
  4442 | D:4      | Killed Edmund
  4443 | D:4      | Reached skill level 1 in Hexes
  5088 | D:4      | Reached XP level 7. HP: 25/42 MP: 8/12
  5325 | D:4      | Reached skill level 5 in Stealth
  5366 | D:4      | Found a runed translucent door.
  5366 | D:4      | Noticed croobank's ghost (amateur OpCj)
  5912 | D:4      | Killed croobank's ghost
  5913 | D:4      | Reached skill level 6 in Stealth
  6041 | D:5      | Entered Level 5 of the Dungeon
  6379 | D:5      | Found a runed translucent door.
  6385 | D:5      | Noticed YayAnonymity's ghost (novice MfGl)
  6449 | D:5      | Noticed Eustachio
  6456 | D:5      | Killed Eustachio
  6457 | D:5      | Reached skill level 7 in Stealth
  6457 | D:5      | Reached XP level 8. HP: 38/47 MP: 6/13
  6534 | D:5      | Found a glowing golden altar of the Shining One.
  6840 | D:5      | Noticed Blork the orc
  6846 | D:5      | Killed Blork the orc
  7056 | D:5      | Reached skill level 8 in Stealth
  7104 | D:5      | Noticed a yak
  7229 | D:5      | Reached skill level 5 in Staves
  7229 | D:5      | Reached skill level 9 in Stealth
  7459 | D:5      | Killed a yak
  7460 | D:5      | Reached XP level 9. HP: 21/52 MP: 5/14
  8014 | D:5      | Killed YayAnonymity's ghost
  8015 | D:5      | Reached skill level 10 in Stealth
  8257 | D:6      | Identified the +5 spear "Siroguso" {protect, Fragile Fly
                  | Dex+7 Stlth+}
  8320 | D:6      | Reached skill level 1 in Polearms
  8496 | D:6      | You are sucked into a shaft and drop 1 floor!
  8510 | D:7      | Got the Disquisition on Malediction
  8514 | D:7      | Learned a level 2 spell: Ensorcelled Hibernation
  8518 | D:7      | Learned a level 3 spell: Confusing Touch
  9469 | D:7      | Reached skill level 5 in Polearms
  9508 | D:7      | Found the necklace of Bloodlust {*Rage Will++ Int-3 Slay+6}
  9659 | D:7      | Found a staircase to the Ecumenical Temple.
 10135 | D:3      | Killed fragbeetle's ghost
 10143 | D:3      | Reached XP level 10. HP: 56/57 MP: 15/15
 10291 | D:8      | Noticed Maggie
 10304 | D:8      | Killed Maggie
 10711 | D:9      | Paralysed by a hornet for 3 turns
 10711 | D:9      | Slain by a hornet

Illustrated notes

Levels and vault maps discovered:
D:1:      heliophobic_arrival_henge, layout_basic,
          hellmonk_ecumenical_altar_watching_god
D:2:      layout_basic
D:3:      minmay_inner_zag, layout_basic, nzn_wu_jian_council_hall,
          gammafunk_ghost_stat_death, kennysheep_jessica_study, uniq_jessica
D:4:      layout_loops_corners, hellmonk_ghost_happy_afterlife,
          lightli_ossuary_entry_decrepit_ruins, uniq_edmund
D:5:      minmay_clustersquares, layout_loops_ring, tso_metal_star,
          gammafunk_ghost_grave, uniq_blork_the_orc, uniq_eustachio
D:6:      layout_basic
D:7:      layout_loops_ring, minmay_temple_entry_glassed_door
D:8:      erik_cavepeople, layout_layer_cave, uniq_grum, uniq_maggie
D:9:      layout_long_grid, okawaru_ov_weapons_minmay, lemuel_doored_altar,
          david_lair_generic, minmay_orc_entry_temple_small

Skill      XL: |  1  2  3  4  5  6  7  8  9 10 |
---------------+-------------------------------+-----
Stealth        | 3 4 7 9 10 | 10.4
Conjurations   | 5 |  5.8
Spellcasting   | 3 |  3.8
Staves         | 1 4 6 7 |  7.2
Hexes          | 1 |  1.6
Polearms       | 6 8 |  8.3
Fighting       | |  0.5
Dodging        | |  2.2
Shields        | |  0.7

Action                   |  1- 3 |  4- 6 |  7- 9 | 10-12 || total
-------------------------+-------+-------+-------+-------++-------
Melee: Unarmed           |     2 |       |       |       ||     2
       Staff             |    17 |    71 |    53 |       ||   141
       Constrict         |     8 |    14 |    28 |     3 ||    53
       Tentacles         |     5 |    12 |    32 |     4 ||    53
       Kick              |       |     2 |    40 |     7 ||    49
       Spear             |       |       |    90 |    38 ||   128
 Cast: Magic Dart        |    54 |    82 |    60 |     4 ||   200
       Searing Ray       |       |     2 |    23 |       ||    25
       Fulminant Prism   |       |     1 |     3 |     1 ||     5
       Dazzling Flash    |       |     1 |     1 |       ||     2
       Ensorcelled Hiber |       |       |    10 |       ||    10
       Confusing Touch   |       |       |     1 |       ||     1
  Use: Scroll            |       |     1 |     2 |       ||     3
       Potion            |       |     1 |     1 |       ||     2
 Stab: Sleeping          |       |     6 |     8 |     2 ||    16
       Confused          |       |       |     3 |       ||     3
Armor: Skin              |     1 |     6 |    20 |     7 ||    34
Dodge: Dodged            |    17 |    37 |    68 |    16 ||   138
Block: Other             |    12 |    17 |    35 |       ||    64
       Reflection        |     1 |       |       |       ||     1

Table legend: (Time is in decaauts)
 A = Elapsed time spent in this place.
 B = Non-inter-level travel time spent in this place.
 C = Inter-level travel time spent in this place.
 D = Time resting spent in this place.
 E = Time spent auto-exploring this place.
 F = Levels seen in this place.
 G = Mean time per level.
                   A        B        C        D        E       F      G
               +--------+--------+--------+--------+--------+-----+--------+
         Total |  10762 |  10288 |    474 |   3127 |   5441 |  10 | 1076.2 |
       Dungeon |  10314 |   9840 |    474 |   2937 |   5317 |   9 | 1146.0 |
       Ossuary |    448 |    448 |      0 |    190 |    124 |   1 |  448.0 |
               +--------+--------+--------+--------+--------+-----+--------+

Top non-repeatable levels by time:
     D:5: 2179 daAuts
     D:4: 1922 daAuts
     D:3: 1468 daAuts
     D:2: 1268 daAuts
     D:7: 1172 daAuts
     D:1: 1122 daAuts
     D:6: 755 daAuts
 Ossuary: 448 daAuts
     D:8: 401 daAuts
     D:9: 24 daAuts
